 Dungeon Crawl Stone Soup version 0.25-a0-544-gee0576305d (webtiles) character file.

Game seed: 10965934729645396663, levelgen mode: deterministic

40 vurker the Gusty (level 3, -1/15 HPs)
             Began as a Felid Air Elementalist on Feb 20, 2020.
             Slain by a worm (11 damage)
             ... on level 2 of the Dungeon.
             The game lasted 00:01:30 (1340 turns).

vurker the Gusty (Felid Air Elementalist)           Turns: 1340, Time: 00:01:30

Health: -1/15      AC:  1    Str:  4    XL:     3   Next: 30%
Magic:  0/7        EV: 18    Int: 17    God:
Gold:   28         SH:  0    Dex: 16    Spells: 6/7 levels left
                                        Lives:  0   Deaths: 0

rFire    . . .     SeeInvis +   (weapon unavailable)
rCold    . . .     Gourm    .   (shield unavailable)
rNeg     . . .     Faith    .   (armour unavailable)
rPois    .         Spirit   .   (helmet unavailable)
rElec    .         Reflect  .   (cloak unavailable)
rCorr    .         Harm     .   (gloves unavailable)
MR       .....                  (boots unavailable)
Stlth    +++.......             (no amulet)
HPRegen  0.05/turn              (no ring)
MPRegen  0.10/turn              (no ring)

@: very slightly contaminated, quick
A: very small, no armour, no weapons or thrown items, stealth, claws 1, fangs 3,
see invisible, carnivore, speed 1, shaggy fur 1, slow metabolism 1, sharp paws
a: no special abilities


You were on level 2 of the Dungeon.
You were completely stuffed.

You visited 1 branch of the dungeon, and saw 2 of its levels.

You collected 28 gold pieces.

Inventory:

Scrolls
 a - 3 scrolls of remove curse {unknown}
 b - a scroll of identify {unknown}
 c - 4 scrolls of fog {unknown}
 d - 4 scrolls of teleportation {unknown}
Potions
 g - a potion of curing {unknown}
 h - 2 potions of stabbing {unknown}
 i - a potion of lignification {unknown}
Comestibles
 e - 2 rations
 f - a chunk of flesh


   Skills:
 + Level 1.0 Fighting
 - Level 2.6 Dodging
 - Level 2.6 Stealth
 * Level 2.5 Spellcasting
 + Level 1.3 Conjurations
 * Level 3.2 Air Magic


You had 6 spell levels left.
You knew the following spells:

 Your Spells              Type           Power        Failure   Level  Hunger
a - Shock                 Conj/Air       #...         7%          1    #......

Your spell library contained the following spells:

 Spells                   Type           Power        Failure   Level  Hunger
 Swiftness                Chrm/Air       #.......     14%         2    ##.....
 Static Discharge         Conj/Air       #.......     22%         3    ###....
 Airstrike                Air            ##........   43%         4    #####..
 Lightning Bolt           Conj/Air       #.........   89%         5    ######.


Dungeon Overview and Level Annotations

Branches:
Dungeon (2/15)

Altars:


Innate Abilities, Weirdness & Mutations

You cannot wear armour.
You are incapable of wielding weapons or throwing items.
Your paws allow you to move quietly. (Stealth)
You have sharp claws.
You have razor-sharp teeth.
You have supernaturally acute eyesight. (SInv)
You are carnivorous and can eat meat at any time.
You cover ground quickly.
You are covered in fur. (AC +1)
You have a slow metabolism.
Your sharp claws are effective at attacking unaware monsters.


Message History

f - a chunk of flesh You see here a jackal skeleton. x2
A frilled lizard comes into view.
A frilled lizard is nearby!
A frilled lizard is nearby!
Aim: a frilled lizard (resting)
The zap hits the frilled lizard.
You kill the frilled lizard!
You can't see any susceptible monsters within range! (Use Z to cast anyway.)
You can't see any susceptible monsters within range! (Use Z to cast anyway.)
You can't see any susceptible monsters within range! (Use Z to cast anyway.)
A bat comes into view.
A worm comes into view.
There are monsters nearby!
There are monsters nearby!
There are monsters nearby!
Aim: a bat The zap hits the bat.
You kill the bat!
Aim: a worm The zap hits the worm.
Aim: a worm (moderately wounded)
The zap hits the worm.
Aim: a worm (moderately wounded)
You miscast Shock.
You are very lightly contaminated with residual magic.
The air around you crackles with energy!
Aim: a worm (moderately wounded)
The zap hits the worm.
You can't see any susceptible monsters within range! (Use Z to cast anyway.)
You can't see any susceptible monsters within range! (Use Z to cast anyway.)
You can't see any susceptible monsters within range! (Use Z to cast anyway.)
The worm is too close now for your liking.
Aim: a worm (heavily wounded)
The zap hits the worm.
Aim: a worm (severely wounded)
The zap hits the worm.
You don't have enough magic to cast that spell.
Found a pink potion.
You scratch the worm. You scratch the worm.
You bite the worm, but do no damage. The worm misses you.
You scratch the worm but do no damage. The worm bites you.
You scratch the worm but do no damage. You scratch the worm but do no damage.
The worm completely misses you.
You scratch the worm but do no damage.
Aim: a worm (severely wounded)
The zap hits the worm.
The worm closely misses you.
You don't have enough magic to cast that spell.
You scratch the worm but do no damage. The worm bites you!
Ouch! That really hurt!
You die...

.... #......#
#.........#
.....#.######
#..#.....##
#.##...######
#..##...##
#...........#
#. ###.##
#.##...####.#
.###. # ##.##
#.###...##
#.#
#........#
#.#
#..#####.#
#.# #@.#
......w..#
..!..##..#
.... #.†# ...
.... .† #.###
. ..# ###


You could see a worm.

Vanquished Creatures
  An ooze (D:1)
  A leopard gecko (D:1)
  A giant cockroach (D:1)
  A goblin (D:1)
  4 hobgoblins (D:1)
  9 jackals
  4 bats
  A frilled lizard (D:2)
  4 kobolds (D:1)
  5 rats
31 creatures vanquished.

Notes
Turn   | Place    | Note
-------+----------+-------------------------------------------
     0 | D:1      | vurker the Felid Air Elementalist began the quest for the
                  | Orb.
     0 | D:1      | Reached XP level 1. HP: 7/7 MP: 4/4
   207 | D:1      | Reached skill level 1 in Conjurations
   320 | D:1      | Reached XP level 2. HP: 12/12 MP: 0/6
   375 | D:1      | Reached skill level 3 in Air Magic
   765 | D:1      | Reached XP level 3. HP: 15/15 MP: 3/7
  1244 | D:2      | Reached skill level 1 in Fighting
  1340 | D:2      | Slain by a worm

Levels and vault maps discovered:
D:1:      dpeg_arrival_chase, layout_basic
D:2:      layout_loops_ring, minmay_misc_feat_encased

Skill      XL: |  1  2  3 |
---------------+----------+-----
Conjurations   | 1 |  1.3
Air Magic      | 3 |  3.2
Fighting       | 1 |  1.0
Dodging        | |  2.6
Stealth        | |  2.6
Spellcasting   | |  2.5

Action                   || total
-------------------------++-------
Melee: Unarmed           ||    34
       Bite              ||     2
 Cast: Shock             ||    63
  Eat: Chunk             ||     9
Armor: Skin              ||     5
Dodge: Dodged            ||    39

Table legend:
 A = Non-vault XP
 B = Vault XP
 C = Vault XP percentage of total XP
 D = Non-vault monster count
 E = Vault monster count
 F = Vault count percentage of total count
                 A         B        C        D         E       F
            +---------+---------+-------+---------+---------+-------
      Total |      58 |       0 |   0.0 |      31 |       0 |   0.0
            +---------+---------+-------+---------+---------+-------
        D:1 |      50 |       0 |   0.0 |      26 |       0 |   0.0
        D:2 |       8 |       0 |   0.0 |       5 |       0 |   0.0
            +---------+---------+-------+---------+---------+-------
